 Dungeon Crawl Stone Soup version 0.31.0-9-g3a7656b989 (webtiles) character file.

Game seed: 8266723757680058550

101 qw the Shooter (level 4, 0/22 HPs)
             Began as a Spriggan Hunter on Feb 2, 2024.
             Succumbed to an adder's poison
             ... in a sewer.
             The game lasted 00:00:08 (1723 turns).

qw the Shooter (Spriggan Hunter)                    Turns: 1723, Time: 00:00:08

Health: 0/22       AC:  2    Str:  7    XL:     4   Next: 48%
Magic:  5/5        EV: 20    Int: 10    God:
Gold:   143        SH:  0    Dex: 20    Spells: 3/3 levels left

rFire   + . .        a - +0 shortbow
rCold   . . .        (shield currently unavailable)
rNeg    . . .        c - +0 robe
rPois   .            (helmet restricted)
rElec   .            (no cloak)
rCorr   .            (gloves unavailable)
SInv    +            (boots unavailable)
Will    .....        e - amulet of regeneration
Stlth   +            m - ring of protection from fire
HPRegen 1.03/turn    (no ring)
MPRegen 0.09/turn

%: no passive effects
@: lethally poisoned (0 -> -2), slow
A: very small, no large weapons, unfitting armour, see invisible, speed 3
a: no special abilities


You were in a sewer.
You visited 1 branch of the dungeon, and saw 3 of its levels.
You also visited: Sewer.

You collected 143 gold pieces.


Innate Abilities, Weirdness & Mutations

You are very small and have problems with some larger weapons.
You are too small for most types of armour.
You have supernaturally acute eyesight. (SInv)
You cover ground extremely quickly. (Speed+++)


   Skills:
 + Level 1.5 Fighting
 - Level 5.0 Ranged Weapons
 - Level 5.0 Dodging
 - Level 1.5 Stealth


You had 3 spell levels left.
You didn't know any spells.
Your spell library was empty.

Inventory:

Hand Weapons
 a - a +0 shortbow (weapon)
Armour
 c - a +0 robe (worn)
Jewellery
 e - an amulet of regeneration (around neck)
 m - a ring of protection from fire (left hand)
Wands
 b - a wand of flame (5)
Scrolls
 h - a scroll of identify
 j - a scroll of enchant armour
Potions
 g - a potion of haste
 n - a potion of cancellation

Dungeon Overview and Level Annotations

Branches:
Dungeon (3/15)              Sewer (1/1)

Altars:


Message History

You shoot an arrow. The arrow hits the ball python.
The ball python is severely wounded.
You feel sick. The adder barely misses you. The adder closely misses you.
The ball python closely misses you. The ball python constricts you.
The adder completely misses you. The adder closely misses you.
You shoot an arrow. The arrow hits the ball python.
You kill the ball python!
You feel sick.
You are no longer poisoned.
The adder closely misses you. x2; The adder barely misses you.
The adder bites you.
You are poisoned.
The adder poisons you! The adder misses you.
You shoot an arrow. The arrow closely misses the adder.
The arrow completely misses the rat.
You feel sick. The adder misses you. The adder bites you.
You are more poisoned.
The adder poisons you! The adder bites you. The adder barely misses you.
The adder completely misses you.
You shoot an arrow. The arrow hits the adder.
The adder is moderately wounded.
You feel very sick. The adder barely misses you. The adder misses you.
The adder completely misses you. The adder bites you.
You are lethally poisoned!
The adder poisons you! The adder closely misses you. x2
You shoot an arrow. The arrow hits the adder.
The adder is severely wounded.
You feel very sick.
The adder misses you. x2; The adder bites you but does no damage. x2
The adder barely misses you.
You shoot an arrow. The arrow hits the adder.
You kill the adder!
You feel very sick.
The adder completely misses you. x2; The adder barely misses you.
The adder misses you. The adder barely misses you.
Your Dodging skill increases to level 5!
You shoot an arrow.
The arrow hits the adder but does no damage.
You die...

.. #.. #...
####################....
#.#~~~~~~.~~~~~~~~#...%.
..~~~#~~~~~~~#~~~~~.....
..~~~~~~~~~~~~~SSS~.....
..~~~~~~~~~~~~~~@rr....#
..~~~~~~~~~~~~~~~~~...##
..#~~~~~~~~~~~~~~~..###
.#################### ##
# # ##


You could see 3 adders and 2 rats.

Vanquished Creatures
  2 adders
  A river rat (Sewer)
  2 ribbon worms (D:2)
  10 ball pythons
  3 endoplasms
  5 giant cockroaches
  6 goblins
  8 hobgoblins
  7 kobolds
  5 bats
  2 frilled lizards
  17 rats
68 creatures vanquished.

Notes
Turn   | Place    | Note
-------+----------+-------------------------------------------
     0 | D:1      | qw the Spriggan Hunter began the quest for the Orb.
     0 | D:1      | Reached XP level 1. HP: 10/10 MP: 2/2
     0 | D:1      | 0 ||| qw: Version: 0.3-a-155-g5e7d8dd
     0 | D:1      | 0 ||| qw: Game counter: 1082
     0 | D:1      | 0 ||| qw: Melee chars always use a shield: true
     0 | D:1      | 0 ||| qw: God list: Okawaru
     0 | D:1      | 0 ||| qw: Allow faded altars: false
     0 | D:1      | 0 ||| qw: Do Orc after clearing Dungeon:15 true
     0 | D:1      | 0 ||| qw: Do second Lair branch before Depths: true
     0 | D:1      | 0 ||| qw: Lair rune preference: random
     0 | D:1      | 0 ||| qw: Goals: Normal
     0 | D:1      | 0 ||| PLANNING D:1-11
    53 | D:1      | Reached skill level 3 in Dodging
   138 | D:1      | Reached XP level 2. HP: 14/14 MP: 3/3
   661 | D:1      | Reached XP level 3. HP: 18/18 MP: 4/4
   805 | D:1      | 805 ||| DROPPING scarf of invisibility.
   806 | D:1      | 806 ||| UPGRADING to amulet of regeneration.
   811 | D:1      | 811 ||| UPGRADING to ring of protection from fire.
   812 | D:1      | 812 ||| READING scroll labelled AZOTYRAREKK.
   813 | D:1      | 813 ||| READING 3 scrolls labelled DAUMAEMOTT.
   813 | D:1      | 813 ||| IDENTIFYING fizzy white potion
   814 | D:1      | 814 ||| READING 2 scrolls of identify.
   814 | D:1      | 814 ||| IDENTIFYING fuming yellow potion
   815 | D:1      | 815 ||| READING scroll of identify.
   815 | D:1      | 815 ||| IDENTIFYING orange potion
   816 | D:1      | 816 ||| READING 2 scrolls labelled POQEGUUCRI.
   816 | D:1      | 816 ||| ENCHANTING +0 shortbow.
   817 | D:1      | 817 ||| READING scroll labelled FUUCYR JONLOKH.
   825 | D:1      | 825 ||| READING scroll labelled HYXTADGHYNEI.
   826 | D:1      | 826 ||| DROPPING scroll of butterflies.
   827 | D:1      | 827 ||| DROPPING potion of brilliance.
  1471 | D:2      | 1471 ||| DROPPING ring of flight.
  1472 | D:2      | 1472 ||| READING 2 scrolls of identify.
  1472 | D:2      | 1472 ||| IDENTIFYING lumpy cyan potion
  1502 | D:3      | 1502 ||| PLANNING SEWER
  1502 | D:3      | 1502 ||| STAIRDANCE
  1506 | D:3      | 1506 ||| STAIRDANCE
  1589 | D:3      | Found a glowing drain.
  1618 | D:3      | Reached XP level 4. HP: 17/22 MP: 5/5
  1634 | Sewer    | Entered a sewer
  1713 | Sewer    | HP: 5/22 [adder (3)]
  1714 | Sewer    | 1714 ||| DRINKING potion of heal wounds.
  1720 | Sewer    | HP: 5/22 [poisoned by an adder]
  1721 | Sewer    | HP: 2/22 [poisoned by an adder]
  1723 | Sewer    | Succumbed to an adder's poison

Levels and vault maps discovered:
D:1:      amcnicky_arrival_double_pillar, layout_loops_ring,
          amcnicky_mini_pool_small, minmay_misc_feat_columns,
          wander_ebering_terrifying_dragon_lair
D:2:      layout_basic, kennysheep_generic_room_4
D:3:      layout_rooms, cheibrodos_ashenzari_chains,
          nicolae_overflow_hidden_temple, portal_sewer_entry_c, uniq_natasha
Sewer:    sewer_minmay_w

Skill      XL: |  1  2  3  4 |
---------------+-------------+-----
Dodging        | 3 4 5 |  5.0
Ranged Weapons | 5 |  5.0
Fighting       | |  1.5
Stealth        | |  1.5

Action                     |  1- 3 |  4- 6 || total
---------------------------+-------+-------++-------
   Fire: Shortbow          |   128 |    49 ||   177
    Use: Scroll            |     8 |       ||     8
         Potion            |       |     1 ||     1
 Armour: Robe              |    22 |    18 ||    40
  Dodge: Dodged            |    59 |    73 ||   132

Table legend:
 A = Non-vault XP
 B = Vault XP
 C = Vault XP percentage of total XP
 D = Non-vault monster count
 E = Vault monster count
 F = Vault count percentage of total count
                 A         B        C        D         E       F
            +---------+---------+-------+---------+---------+-------
      Total |      93 |      52 |  35.9 |      45 |      23 |  33.8
            +---------+---------+-------+---------+---------+-------
        D:1 |      45 |       1 |   2.2 |      27 |       1 |   3.6
        D:2 |      41 |       0 |   0.0 |      14 |       0 |   0.0
        D:3 |       7 |       8 |  53.3 |       4 |       6 |  60.0
      Sewer |       0 |      43 | 100.0 |       0 |      16 | 100.0
            +---------+---------+-------+---------+---------+-------
